 Dungeon Crawl Stone Soup version 0.28-a0-1117-g0bdd5ba030 (webtiles) character file.

Game seed: 645259170704743751

751 browni3141 the Stinger (level 7, -1/45 HPs)
             Began as an Octopode Venom Mage on Dec 12, 2021.
             Was an Initiate of Sif Muna.
             Slain by a water moccasin skeleton (8 damage)
             ... on level 5 of the Dungeon.
             The game lasted 00:16:25 (5995 turns).

browni3141 the Stinger (Octopode Venom Mage)        Turns: 5995, Time: 00:16:25

Health: -1/45      AC:  1    Str:  8    XL:     7   Next: 78%
Magic:  9/11       EV: 14    Int: 19    God:    Sif Muna [......]
Gold:   149        SH:  0    Dex: 18    Spells: 2/12 levels left

rFire   . . .      SeeInvis .   (no weapon)
rCold   . . .      Faith    .   (no shield)
rNeg    . . .      Spirit   .   (helmet restricted)
rPois   .          Reflect  .   (no amulet)
rElec   .          Harm     .   b - ring of wizardry
rCorr   .          Rampage  .   f - +6 ring of dexterity
Will    .....                   (no ring)
Stlth   ++++......              (no ring)
HPRegen 0.15/turn               (no ring)
MPRegen 0.12/turn               (no ring)
                                (no ring)
                                (no ring)

@: no status effects
A: almost no armour, amphibious, 8 rings, camouflage 1, gelatinous body 1,
(nimble swimmer 1), tentacles
a: Renounce Religion


You were on level 5 of the Dungeon.
You worshipped Sif Muna.
Sif Muna was noncommittal.
You visited 2 branches of the dungeon, and saw 6 of its levels.

You collected 149 gold pieces.

Inventory:

Hand Weapons
 a - a +0 dagger
Missiles
 c - 165 stones
 d - 5 curare-tipped darts
Magical Staves
 r - a staff of death
Jewellery
 b - a ring of wizardry (left tentacle)
 f - a +6 ring of dexterity (right tentacle)
 n - an amulet of reflection
Wands
 s - a wand of digging (6)
Scrolls
 g - a scroll of torment {unknown}
 j - 2 scrolls of enchant armour {unknown}
 l - a scroll of amnesia {unknown}
 m - a scroll of identify {unknown}
 q - a scroll of noise {unknown}
Potions
 e - a potion of mutation {unknown}
 h - 2 potions of curing
 i - a potion of magic {unknown}
 k - a potion of attraction {unknown}
 o - a potion of lignification {unknown}
 p - a potion of heal wounds {unknown}


   Skills:
 * Level 2.8 Fighting
 * Level 3.5 Dodging
 + Level 4.0 Stealth
 - Level 3.0 Spellcasting
 - Level 2.0 Conjurations
 - Level 1.0 Transmutations
 + Level 1.7 Air Magic
 * Level 7.1 Poison Magic
 * Level 1.5 Invocations


You had 2 spell levels left.
You knew the following spells:

 Your Spells              Type           Power      Damage    Failure   Level
a - Sting                 Tmut/Pois      72%        1d6       1%          1
b - Poisonous Vapours     Pois/Air       38%        N/A       1%          2
c - Mephitic Cloud        Conj/Pois/Air  16%        N/A       4%          3
d - Olgreb's Toxic Radia  Pois           30%        N/A       3%          4

Your spell library contained the following spells:

 Spells                   Type           Power      Damage    Failure   Level
 Static Discharge         Conj/Air       10%        N/A       4%          2
 Blink                    Tloc           4%         N/A       9%          2
 Gell's Gravitas          Tloc           2%         N/A       17%         3
 Lesser Beckoning         Tloc           2%         N/A       17%         3
 Teleport Other           Tloc           2%         N/A       17%         3
 Sticky Flame             Conj/Fire      6%         2d3       36%         4
 Petrify                  Tmut/Erth      4%         N/A       43%         4
 Dispel Undead            Necr           2%         3d7       50%         4
 Manifold Assault         Tloc           2%         N/A       82%         5
 Metabolic Englaciation   Hex/Ice        1%         N/A       82%         5
 Statue Form              Tmut/Erth      2%         N/A       99%         6
 Dispersal                Tloc           1%         N/A       100%        6


Dungeon Overview and Level Annotations

Branches:
Dungeon (5/15)             Temple (1/1) D:4

Altars:
Cheibriados
Dithmenos
Elyvilon
Fedhas
Hepliaklqana
Nemelex Xobeh
Okawaru
Qazlal
Sif Muna
Trog
Vehumet
Xom
Yredelemnul
Zin
The Shining One

Shops:
D:2 :([   D:3 *


Innate Abilities, Weirdness & Mutations

You cannot wear most types of armour.
You are amphibious.
You can wear up to eight rings at the same time.
Your skin changes colour to match your surroundings (Stealth+).
Your rubbery body absorbs attacks. (AC +1, EV +1)
((You are camouflaged near water. (Stealth+)))
You have tentacles for arms and can constrict up to eight enemies at once.


Message History

You tentacle-slap the water moccasin skeleton but do no damage.
The water moccasin skeleton is moderately damaged.
You constrict the water moccasin skeleton.
The water moccasin skeleton bites you.
You tentacle-slap the water moccasin skeleton.
The water moccasin skeleton is heavily damaged.
You constrict the water moccasin skeleton.
The water moccasin skeleton bites you.
* * * LOW HITPOINT WARNING * * *
You tentacle-slap the water moccasin skeleton but do no damage.
Your squeeze misses the water moccasin skeleton.
The water moccasin skeleton is heavily damaged.
You constrict the water moccasin skeleton.
The water moccasin skeleton barely misses you.
The water moccasin skeleton completely misses you.
You tentacle-slap the water moccasin skeleton but do no damage.
The water moccasin skeleton is heavily damaged.
You constrict the water moccasin skeleton.
The water moccasin skeleton closely misses you.
You tentacle-slap the water moccasin skeleton but do no damage.
The water moccasin skeleton is severely damaged.
You constrict the water moccasin skeleton.
The water moccasin skeleton bites you!
* * * LOW HITPOINT WARNING * * *
You feel better.
You constrict the water moccasin skeleton.
A centaur comes into view.
The water moccasin skeleton barely misses you.
The centaur shouts!
You tentacle-slap the water moccasin skeleton but do no damage.
You squeeze the water moccasin skeleton, but do no damage.
The water moccasin skeleton is severely damaged.
You constrict the water moccasin skeleton.
The centaur wields a +0 shortbow.
The centaur shoots an arrow.
The arrow misses you. The water moccasin skeleton bites you.
* * * LOW HITPOINT WARNING * * *
The centaur shoots an arrow.
The arrow closely misses you.
You release your grip on the water moccasin skeleton.
The water moccasin skeleton bites you!
You die...

#..#..#..##.#######.
#..#..#..#....# .
#..#..#..####.#
#..#..#..# #.#
#..#..#..# #.#
#..#..#..# #.#
#.....#..####.#
##)#).#.......#####
#<##.##..Z@.........
#.......############
....................
.....####.##.#######
..... c...#.# ....
######.# ###' #.# #
#.# #.#


You could see a water moccasin skeleton.

Vanquished Creatures
  Sigmund (D:4)
  A water moccasin (D:5)
  An ogre (D:5)
  A scorpion (D:4)
  A hound (D:3)
  2 orc priests (D:4)
  An iguana (D:3)
  An orc wizard (D:4)
  7 adders
  4 gnolls (D:4)
  A shadow imp (D:3)
  An adder skeleton (D:4)
  A dart slug (D:1)
  9 orcs
  7 endoplasms
  3 giant cockroaches
  13 goblins
  7 hobgoblins
  A quokka (D:3)
  5 ball pythons
  6 bats
  6 frilled lizards
  2 kobolds
  A quokka skeleton (D:4)
  7 rats
90 creatures vanquished.

Vanquished Creatures (others)
  Robin (D:4)
1 creature vanquished.

Grand Total: 91 creatures vanquished

Notes
Turn   | Place    | Note
-------+----------+-------------------------------------------
     0 | D:1      | browni3141 the Octopode Venom Mage began the quest for the
                  | Orb.
     0 | D:1      | Reached XP level 1. HP: 11/11 MP: 3/3
   214 | D:1      | Reached skill level 4 in Poison Magic
   375 | D:1      | Reached XP level 2. HP: 15/17 MP: 0/5
   465 | D:1      | Learned a level 2 spell: Poisonous Vapours
  1384 | D:2      | Reached XP level 3. HP: 21/21 MP: 4/6
  1418 | D:2      | Reached skill level 5 in Poison Magic
  1460 | D:2      | Found Sicreqos's Armour Boutique.
  1588 | D:2      | Found Ymovefimi's Weapon Boutique.
  1651 | D:2      | Found Enyxzyk's Book Shop.
  1905 | D:2      | Reached XP level 4. HP: 21/27 MP: 2/7
  2399 | D:3      | Found a faded altar of an unknown god.
  2483 | D:3      | Reached skill level 6 in Poison Magic
  2668 | D:3      | Learned a level 3 spell: Mephitic Cloud
  3088 | D:3      | Found Toba Wot's Assorted Antiques.
  3700 | D:4      | Noticed Sigmund
  3701 | D:4      | Noticed Robin
  3706 | D:3      | Reached XP level 5. HP: 27/32 MP: 1/8
  3777 | D:3      | Reached skill level 1 in Fighting
  4333 | D:4      | Killed Robin
  4458 | D:4      | Reached skill level 1 in Conjurations
  4458 | D:4      | Reached XP level 6. HP: 38/38 MP: 1/9
  4860 | D:4      | Killed Sigmund
  4861 | D:4      | Reached skill level 1 in Air Magic
  4861 | D:4      | Reached XP level 7. HP: 45/45 MP: 0/11
  5181 | D:4      | Found a staircase to the Ecumenical Temple.
  5212 | Temple   | Entered the Ecumenical Temple
  5418 | Temple   | Became a worshipper of Sif Muna the Loreminder
  5607 | D:4      | Learned a level 4 spell: Olgreb's Toxic Radiance
  5870 | D:5      | Entered Level 5 of the Dungeon
  5973 | D:5      | Reached skill level 7 in Poison Magic
  5973 | D:5      | Reached skill level 1 in Invocations
  5992 | D:5      | HP: 1/45 [water moccasin skeleton (8)]
  5995 | D:5      | Slain by a water moccasin skeleton

Illustrated notes

Levels and vault maps discovered:
D:1:      dpeg_arrival_arbitrary_b, layout_loops_ring, st_stairs_7
D:2:      layout_basic, serial_shops, shop_statue, nicolae_shop_hallway_plus,
          nicolae_diamond_shop, minmay_strange_pillars, minivault_5,
          serial_bayou_lagoon_b
D:3:      layout_basic, serial_shops,
          nicolae_shop_temple_entry_statues_fountains,
          hellmonk_ecumenical_altar_arch_garden
D:4:      layout_cave_pools, temple_fountains, uniq_sigmund, uniq_robin
D:5:      layout_basic, bloody_makhleb, uniq_crazy_yiuf_cottage,
          uniq_prince_ribbit1, uniq_menkaure
Temple:   regret_index_temple_generic_petals

Skill      XL: |  1  2  3  4  5  6  7 |
---------------+----------------------+-----
Poison Magic   | 4 5 6 7 |  7.1
Fighting       | 1 2 |  2.8
Stealth        | 3 4 |  4.0
Conjurations   | 1 2 |  2.0
Dodging        | 3 |  3.5
Air Magic      | 1 |  1.7
Spellcasting   | 3 |  3.0
Invocations    | 1 |  1.5
Transmutations | |  1.0

Action                   |  1- 3 |  4- 6 |  7- 9 || total
-------------------------+-------+-------+-------++-------
Melee: Unarmed           |    12 |    68 |    30 ||   110
       Constrict         |     4 |    26 |     7 ||    37
       Tentacles         |     1 |    14 |    10 ||    25
 Cast: Sting             |    39 |    26 |    11 ||    76
       Poisonous Vapours |     7 |    33 |     8 ||    48
       Mephitic Cloud    |       |     4 |     1 ||     5
       Olgreb's Toxic Ra |       |       |     2 ||     2
  Use: Potion            |       |       |     2 ||     2
 Stab: Sleeping          |     3 |     2 |     1 ||     6
       Confused          |       |     1 |       ||     1
Armor: Skin              |     1 |     3 |     3 ||     7
Dodge: Dodged            |    12 |    97 |    38 ||   147

Table legend: (Time is in decaauts)
 A = Elapsed time spent in this place.
 B = Non-inter-level travel time spent in this place.
 C = Inter-level travel time spent in this place.
 D = Time resting spent in this place.
 E = Time spent auto-exploring this place.
 F = Levels seen in this place.
 G = Mean time per level.
                   A        B        C        D        E       F      G
               +--------+--------+--------+--------+--------+-----+--------+
         Total |   6009 |   5652 |    357 |   1149 |   3496 |   6 | 1001.5 |
       Dungeon |   5770 |   5444 |    326 |   1149 |   3314 |   5 | 1154.0 |
        Temple |    238 |    207 |     31 |      0 |    182 |   1 |  238.0 |
               +--------+--------+--------+--------+--------+-----+--------+

Top non-repeatable levels by time:
     D:3: 2452 daAuts
     D:1: 1354 daAuts
     D:2: 1041 daAuts
     D:4: 797 daAuts
  Temple: 238 daAuts
     D:5: 124 daAuts
